 Dungeon Crawl Stone Soup version 0.29-a0-515-g7c1fb6cc08 (webtiles) character file.

Game seed: 4290969297040126110

3271 mora the Conjurer (level 10, -6/68 HPs)
             Began as an Octopode Conjurer on May 30, 2022.
             Was an Initiate of Vehumet.
             Shot with a bolt by a centaur warrior (22 damage)
             ... on level 8 of the Dungeon.
             The game lasted 00:22:01 (12531 turns).

mora the Conjurer (Octopode Conjurer)              Turns: 12531, Time: 00:22:01

Health: -6/68      AC:  3    Str:  7    XL:     10   Next: 0%
Magic:  27/27      EV: 16    Int: 25    God:    Vehumet [......]
Gold:   282        SH:  5    Dex: 16    Spells: 6/20 levels left

rFire   . . .      SeeInvis .   D - +3 spear
rCold   + . .      Faith    .   (no shield)
rNeg    . . .      Spirit   .   u - +2 hat
rPois   .          Reflect  +   E - amulet of reflection
rElec   .          Harm     .   L - +6 ring of dexterity
rCorr   .          Rampage  .   y - ring of wizardry
Will    .....                   G - ring of magical power
Stlth   ++++......              B - ring of flight
HPRegen 0.21/turn               M - +4 ring of slaying
MPRegen 0.20/turn               N - ring of protection from cold
                                (no ring)
                                (no ring)

@: flying
A: almost no armour, amphibious, 8 rings, camouflage 1, gelatinous body 1,
(nimble swimmer 1), tentacles
a: Renounce Religion


You were on level 8 of the Dungeon.
You worshipped Vehumet.
Vehumet was noncommittal.
You visited 2 branches of the dungeon, and saw 9 of its levels.

You collected 411 gold pieces.
You spent 129 gold pieces at shops.

Inventory:

Hand Weapons
 d - a +0 club
 j - a +0 dagger
 D - a +3 spear (weapon)
Missiles
 p - a throwing net (quivered)
 v - 17 poisoned darts
Armour
 u - a +2 hat (worn)
 J - an orb of energy
Magical Staves
 K - a staff of cold
Jewellery
 e - an amulet of regeneration
 i - an amulet of faith
 y - a ring of wizardry (right tentacle)
 B - a ring of flight (on tentacle)
 E - an amulet of reflection (around mantle)
 G - a ring of magical power (on tentacle)
 L - a +6 ring of dexterity (left tentacle)
 M - a +4 ring of slaying (on tentacle)
 N - a ring of protection from cold (on tentacle)
Wands
 A - a wand of acid (13)
 F - a wand of flame (25)
Scrolls
 b - a scroll of silence
 f - 2 scrolls of amnesia
 g - 2 scrolls of vulnerability
 l - 2 scrolls of poison
 o - 2 scrolls of fog
 t - a scroll of teleportation
 w - a scroll of enchant armour
Potions
 a - a potion of magic
 c - 3 potions of curing
 h - a potion of heal wounds
 m - 4 potions of might
 q - 5 potions of haste
 r - a potion of resistance
 s - 2 potions of brilliance
 x - 2 potions of mutation
 z - 5 potions of lignification
 C - a potion of cancellation
 O - a potion of attraction
 P - a potion of invisibility
 Q - a potion of flight {unknown}


   Skills:
 + Level 5.7 Fighting
 + Level 6.1 Dodging
 - Level 6.0 Stealth
 + Level 5.8 Spellcasting
 + Level 7.1 Conjurations
 - Level 3.0 Hexes
 + Level 5.2 Evocations


You had 6 spell levels left.
You knew the following spells:

 Your Spells              Type           Power      Damage    Failure   Level
a - Magic Dart            Conj           100%       1d8       1%          1
b - Searing Ray           Conj           84%        2d7       1%          2
c - Dazzling Flash        Conj/Hex       64%        N/A       1%          3
d - Iskenderun's Mystic   Conj/Tloc      25%        2d7       7%          4
e - Fulminant Prism       Conj/Hex       16%        3d11      4%          4

Your spell library contained the following spells:

 Spells                   Type           Power      Damage    Failure   Level
 Freeze                   Ice            28%        1d5       3%          1
 Static Discharge         Conj/Air       25%        N/A       1%          2
 Inner Flame              Hex/Fire       14%        N/A       4%          3
 Portal Projectile        Hex/Tloc       28%        N/A       4%          3
 Summon Guardian Golem    Hex/Summ       14%        N/A       4%          3
 Call Canine Familiar     Summ           7%         N/A       9%          3
 Cause Fear               Hex            11%        N/A       9%          4
 Leda's Liquefaction      Hex/Erth       7%         N/A       16%         4
 Lightning Bolt           Conj/Air       12%        1d26      19%         5
 Orb of Destruction       Conj           21%        9d8       77%         7
 Spellforged Servitor     Conj/Summ      12%        N/A       99%         7
 Discord                  Hex            11%        N/A       100%        8
 Maxwell's Capacitive Co  Air            3%         ∞         100%        8


Dungeon Overview and Level Annotations

Branches:
Dungeon (8/15)             Temple (1/1) D:7
   Lair: D:8-11

Altars:
Ashenzari
Cheibriados
Dithmenos
Elyvilon
Fedhas
Gozag
Hepliaklqana
Kikubaaqudgha
Makhleb
Nemelex Xobeh
Okawaru
Qazlal
Ru
Sif Muna
Trog
Uskayaw
Vehumet
Wu Jian
Xom
Zin

Shops:
D:2 =   D:6 *

Annotations:
D:2 Natasha


Innate Abilities, Weirdness & Mutations

You cannot wear most types of armour.
You are amphibious.
You can wear up to eight rings at the same time.
Your skin changes colour to match your surroundings (Stealth+).
Your rubbery body absorbs attacks. (AC +1, EV +1)
((You are camouflaged when in or above water. (Stealth+)))
You have tentacles for arms and can constrict up to eight enemies at once.


Message History

The warg is severely wounded.
The warg pauses to sniff the ground.
The warg barely misses you. x2
The searing ray hits the warg!
The warg is almost dead.
You finish channelling your searing ray.
You block the warg's attack.
Casting: Searing Ray (safe; 1% risk of failure)
Confirm with . or Enter, or press ? or * to list all spells.
Aiming: Searing Ray (safe; 1% risk of failure)
Press: ? - help, Shift-Dir - straight line, f/p - warg
Aim: a warg (almost dead, 77% to hit)
The searing ray hits the warg.
You kill the warg!
Vehumet accepts your kill. (Press . to maintain the ray.)
You have reached level 10!
You feel clever.
You start resting.
Magic restored.
You start resting.
HP restored.
You can no longer gain magical power from killing.
Unknown command.
(D) Dungeon (T) Temple
Where to? (Enter - D:7 @ (x,y), ? - help)
There is an escape hatch in the ceiling here.
There is an open door here.
There is an open door here.
There is a stone staircase leading down here.
You fly downwards.
The centaur warrior shouts!
The centaur warrior shoots a bolt.
The bolt hits you!! The bolt freezes you.
The centaur warrior shoots a bolt.
The bolt hits you!!
* * * LOW HITPOINT WARNING * * *
The bolt freezes you.
* * * LOW HITPOINT WARNING * * *
There is a stone staircase leading up, spattered with blood here.
The centaur warrior shoots a bolt.
The bolt hits you!!
You die...

##......... .........
.....#####.............
##....### .....# ≈# ..
.... .. .........
.....# # #[.......
.......<. .....#
.....#.# .........
.....# #.#....###
###..##.# .....#
#........## #. #.#
...... .####..........
.. #.# ....#
...[...@...# .# #..
.... .####....h.# ##.
... #.......... .
#...c..#... #..(...# ..
#......# . #......#
########


You could see a centaur warrior and a howler monkey (wandering).

Vanquished Creatures
  A hornet (D:8)
  A steam dragon (D:6)
  Edmund (D:3)
  2 wargs
  A water moccasin (D:7)
  An orc warrior (D:7)
  An ice beast (D:7)
  2 black bears
  4 ogres
  A centaur (D:7)
  A phantom (D:6)
  A kobold brigand (D:7)
  3 scorpions (D:5)
  2 bullfrogs (D:8)
  A necrophage (D:7)
  5 wights
  2 orc priests
  8 hounds
  2 jellies (D:4)
  A gnoll shaman (D:5)
  3 iguanas
  7 orc wizards
  Natasha (D:2)
  9 gnolls
  7 adders
  2 white imps
  An ufetubus (D:5)
  2 worms (D:3)
  5 dart slugs
  28 orcs
  8 ball pythons
  9 bats
  7 endoplasms
  10 giant cockroaches
  8 goblins
  A hobgoblin (D:3)
  5 kobolds
  3 quokkas
  3 frilled lizards
  10 rats
170 creatures vanquished.

Vanquished Creatures (others)
  20 fulminant prisms
20 creatures vanquished.

Grand Total: 190 creatures vanquished

Notes
Turn   | Place    | Note
-------+----------+-------------------------------------------
     0 | D:1      | mora the Octopode Conjurer began the quest for the Orb.
     0 | D:1      | Reached XP level 1. HP: 11/11 MP: 3/3
   243 | D:1      | Reached XP level 2. HP: 18/18 MP: 1/5
   998 | D:1      | Reached skill level 1 in Fighting
   998 | D:1      | Reached XP level 3. HP: 23/23 MP: 0/6
  1588 | D:2      | Found Exuin's Jewellery Shop.
  1889 | D:2      | Reached XP level 4. HP: 28/28 MP: 5/7
  1892 | D:2      | Learned a level 2 spell: Searing Ray
  1958 | D:2      | Noticed Natasha
  1963 | D:2      | Killed Natasha
  2358 | D:2      | Identified the +0 dagger "Wigyseh" {vorpal, Fly Int+3}
  2389 | D:2      | Noticed Natasha
  2703 | D:3      | Reached XP level 5. HP: 34/34 MP: 1/9
  3820 | D:3      | Learned a level 3 spell: Dazzling Flash
  4455 | D:4      | Noticed Edmund
  4730 | D:4      | Reached XP level 6. HP: 39/39 MP: 7/10
  4845 | D:4      | Noticed a black bear
  5109 | D:4      | Reached skill level 5 in Stealth
  5109 | D:4      | Reached skill level 5 in Conjurations
  5586 | D:4      | Reached XP level 7. HP: 45/45 MP: 8/12
  5625 | D:3      | HP: 2/45 [Edmund/+0 vorpal dire flail (1)]
  5626 | D:3      | Killed Edmund
  5822 | D:4      | Reached skill level 1 in Evocations
  6549 | D:4      | Reached XP level 8. HP: 34/52 MP: 2/14
  6706 | D:5      | Entered Level 5 of the Dungeon
  7395 | D:5      | Learned a level 4 spell: Iskenderun's Mystic Blast
  7901 | D:6      | Reached skill level 6 in Conjurations
  7901 | D:6      | Reached skill level 1 in Hexes
  8480 | D:6      | Reached skill level 5 in Dodging
  8480 | D:6      | Reached XP level 9. HP: 54/59 MP: 16/16
  8575 | D:6      | Found Xotexaf's Assorted Antiques.
  8578 | D:6      | Bought an amethyst potion for 21 gold pieces
  8578 | D:6      | Bought a cyan potion for 21 gold pieces
  8578 | D:6      | Bought a pink potion for 21 gold pieces
  8578 | D:6      | Bought a smoky pink potion for 21 gold pieces
  8578 | D:6      | Bought a glowing orange potion for 21 gold pieces
  8578 | D:6      | Bought a scroll labelled CUALAP XUS for 24 gold pieces
  9435 | D:7      | Found a staircase to the Ecumenical Temple.
  9444 | Temple   | Entered the Ecumenical Temple
  9663 | Temple   | Became a worshipper of Vehumet
  9744 | D:7      | Reached skill level 5 in Spellcasting
 10212 | D:7      | Learned a level 4 spell: Fulminant Prism
 10440 | D:7      | Reached skill level 5 in Fighting
 10499 | D:7      | Found a stormy altar of Qazlal.
 11246 | D:8      | Noticed a hornet
 11678 | D:8      | Paralysed by a hornet for 2 turns
 11680 | D:8      | Noticed a troll
 11681 | D:8      | Killed a hornet
 11682 | D:8      | Reached skill level 7 in Conjurations
 11682 | D:8      | Reached skill level 5 in Evocations
 11834 | D:8      | Noticed a centaur warrior
 11837 | D:8      | HP: 2/61 [centaur warrior/bolt (2)]
 12164 | D:7      | Reached * piety under Vehumet
 12164 | D:7      | Offered knowledge of Freeze by Vehumet.
 12324 | D:8      | Noticed a seven-headed hydra
 12336 | D:7      | Reached XP level 10. HP: 37/68 MP: 13/18
 12531 | D:8      | Shot with a bolt by a centaur warrior

Illustrated notes

Levels and vault maps discovered:
D:1:      saegor_arrival_miasma, layout_basic
D:2:      layout_rooms, serial_curves, eino_curves_04, eino_curves_04,
          eino_curves_04, eino_curves_03, serial_shops, shop,
          minmay_fractal_squares_gapless_5, uniq_natasha
D:3:      layout_basic, dk_noncrumbling_3, minmay_bisected
D:4:      minmay_skewed_foursquare, layout_cave_pools, uniq_edmund
D:5:      layout_gridville, amcnicky_mini_pool_medium
D:6:      layout_loops_ring, serial_shops, kennysheep_mini
D:7:      layout_basic, general_overflow_altar, minmay_temple_entry_offerings,
          chequers_serial_rivers_room_b, minmay_door_square
D:8:      layout_rooms, grunt_temple_overflow_holy_war,
          erik_lair_orcish_takeover, serial_aquarium,
          aquarium_bridge_long_separate [aquarium_subvault_wall,
          aquarium_subvault_wall, aquarium_subvault_bridge,
          aquarium_subvault_bridge, aquarium_subvault_bridge,
          aquarium_subvault_bridge], aquarium_window_3, aquarium_window_1,
          aquarium_window_fake, aquarium_view_2g, aquarium_view_2d,
          minmay_the_grid_2x2 [minmay_the_grid_fan, minmay_the_grid_empty,
          minmay_the_grid_stretched_grid, minmay_the_grid_prize_diamond_cup]
Temple:   mainiacjoe_temple_bowtie_tessellation

Skill      XL: |  1  2  3  4  5  6  7  8  9 |
---------------+----------------------------+-----
Stealth        | 3 4 5 6 |  6.0
Fighting       | 1 2 3 4 5 |  5.7
Dodging        | 3 4 5 6 |  6.1
Spellcasting   | 3 4 5 |  5.8
Conjurations   | 5 6 7 |  7.1
Evocations     | 2 3 5 |  5.2
Hexes          | 1 3 |  3.0

Action                   |  1- 3 |  4- 6 |  7- 9 | 10-12 || total
-------------------------+-------+-------+-------+-------++-------
Melee: Unarmed           |     2 |       |       |       ||     2
       Tentacles         |     2 |     2 |     2 |       ||     6
       Constrict         |     1 |     1 |     4 |       ||     6
       Dagger            |     4 |     5 |       |       ||     9
       Spear             |       |       |     6 |       ||     6
       Punch             |       |       |     1 |       ||     1
Throw: Dart              |       |       |     7 |       ||     7
       Throwing net      |       |       |     1 |       ||     1
 Cast: Magic Dart        |    68 |   132 |   174 |       ||   374
       Searing Ray       |       |    10 |    39 |       ||    49
       Fulminant Prism   |       |       |    20 |       ||    20
       Iskenderun's Myst |       |       |     7 |       ||     7
  Use: Scroll            |       |       |    24 |       ||    24
       Potion            |       |       |     1 |       ||     1
 Stab: Sleeping          |     1 |       |       |       ||     1
Armor: Skin              |       |     3 |    18 |       ||    21
Dodge: Dodged            |     7 |    13 |    95 |       ||   115
Block: Other             |       |       |     2 |       ||     2

Table legend: (Time is in decaauts)
 A = Elapsed time spent in this place.
 B = Non-inter-level travel time spent in this place.
 C = Inter-level travel time spent in this place.
 D = Time resting spent in this place.
 E = Time spent auto-exploring this place.
 F = Levels seen in this place.
 G = Mean time per level.
                   A        B        C        D        E       F      G
               +--------+--------+--------+--------+--------+-----+--------+
         Total |  12542 |  11870 |    672 |   3159 |   7352 |   9 | 1393.6 |
       Dungeon |  12296 |  11671 |    625 |   3159 |   7165 |   8 | 1537.0 |
        Temple |    245 |    199 |     46 |      0 |    187 |   1 |  245.0 |
               +--------+--------+--------+--------+--------+-----+--------+

Top non-repeatable levels by time:
     D:7: 2707 daAuts
     D:3: 2285 daAuts
     D:4: 1986 daAuts
     D:6: 1400 daAuts
     D:1: 1281 daAuts
     D:5: 1175 daAuts
     D:2: 1153 daAuts
     D:8: 305 daAuts
  Temple: 245 daAuts
